 Dungeon Crawl Stone Soup version 0.22-a0-612-gd2f0174 (webtiles) character file.

75 sking99 the Poker (level 4, -4/33 HPs)
             Began as a Merfolk Skald on July 11, 2018.
             Slain by Grinder (6 damage)
             ... on level 3 of the Dungeon.
             The game lasted 00:03:34 (2471 turns).

sking99 the Poker (Merfolk Skald)                   Turns: 2471, Time: 00:03:35

Health: -4/33      AC:  5    Str: 14 (16) XL:     4   Next: 31%
Magic:  1/7        EV: 12    Int: 10 (13) God:
Gold:   88         SH:  0    Dex: 11 (13) Spells: 0/8 levels left

rFire    . . .     SeeInvis .   a - +0 spear
rCold    . . .     Gourm    .   (no shield)
rNeg     . . .     Faith    .   b - +0 leather armour
rPois    .         Spirit   .   (no helmet)
rElec    .         Reflect  .   (no cloak)
rCorr    .         Harm     .   j - +0 pair of gloves
MR       .....                  l - +0 pair of boots
Stlth    +.........             (no amulet)
HPRegen  0.11/turn              (no ring)
MPRegen  0.10/turn              (no ring)

@: mighty, infused (expiring)
A: change form in water, swift swim, stealthy swim
a: no special abilities


You were on level 3 of the Dungeon.
You were hungry.

You visited 1 branch of the dungeon, and saw 3 of its levels.

You collected 88 gold pieces.

Inventory:

Hand Weapons
 a - a +0 spear (weapon)
Armour
 b - a +0 leather armour (worn)
 j - a +0 pair of gloves (worn)
 l - a +0 pair of boots (worn)
Scrolls
 c - a scroll of blinking {unknown}
 e - a scroll of enchant armour {unknown}
 f - 5 scrolls of remove curse {unknown}
 g - a scroll of teleportation {unknown}
 i - a scroll of fear {unknown}
 k - a scroll of identify {unknown}
 p - a scroll of immolation {unknown}
 q - a scroll of magic mapping {unknown}
Potions
 o - 2 potions of degeneration
Comestibles
 d - 6 rations
 n - 2 chunks of flesh


   Skills:
 - Level 2.1 Fighting
 * Level 4.7 Polearms
 - Level 0.6 Armour
 + Level 3.5 Dodging
 + Level 2.5 Spellcasting
 + Level 3.8 Charms


You couldn't memorise any spells.
You knew the following spells:

 Your Spells              Type           Power        Failure   Level  Hunger
a - Infusion              Chrm           #...         8%          1    ##.....
b - Song of Slaying       Chrm           #.......     12%         2    ###....
c - Shroud of Golubria    Chrm/Tloc      #.........   26%         2    ###....
d - Spectral Weapon       Hex/Chrm       #.......     45%         3    ####...

Your spell library contained the following spells:

 Spells                   Type           Power        Failure   Level  Hunger
 Regeneration             Chrm/Necr      #.........   45%         3    ####...


Dungeon Overview and Level Annotations

Branches:
Dungeon (3/15)

Altars:

Annotations:
D:3 Grinder


Message History

* * * LOW HITPOINT WARNING * * *
Grinder hits you but does no damage.
It was a potion of curing.
You feel better.
You are feeling hungry.
The bat hits you but does no damage. Grinder hits you but does no damage.
You hit Grinder.
Grinder is severely wounded.
The bat barely misses you. Grinder gestures at you.
Pain shoots through your body!
* * * LOW HITPOINT WARNING * * *
You puncture Grinder!
Grinder is almost dead.
The bat completely misses you.
Okay, then.
Okay, then.
You barely miss Grinder.
Grinder is almost dead.
Grinder hits you.
You die...

### .? ##.## #...# #...#
#### ########...# ....
......[.5..#
################@b..#
....................+
#.#..############...#
..#..#.#.......##...#
#.#..#.....###'##...#
..#..#.#.#.#........#
###..#...#.#........#
...........+............
####.......#............


You could see Grinder and a bat.

Vanquished Creatures
  An adder (D:2)
  An ooze (D:1)
  2 worms
  3 dart slugs (D:1)
  2 leopard geckos (D:1)
  An orc (D:3)
  2 giant cockroaches
  3 goblins (D:1)
  4 hobgoblins
  10 jackals (D:1)
  A ball python (D:1)
  6 bats
  A frilled lizard (D:1)
  4 kobolds (D:1)
  7 rats
48 creatures vanquished.

Notes
Turn   | Place    | Note
-------+----------+-------------------------------------------
     0 | D:1      | sking99 the Merfolk Skald began the quest for the Orb.
     0 | D:1      | Reached XP level 1. HP: 16/16 MP: 3/3
   271 | D:1      | Reached XP level 2. HP: 22/22 MP: 0/5
   685 | D:1      | Learned a level 2 spell: Song of Slaying
   688 | D:1      | Learned a level 2 spell: Shroud of Golubria
  1011 | D:1      | Reached skill level 4 in Polearms
  1011 | D:1      | Reached XP level 3. HP: 24/27 MP: 4/6
  1750 | D:2      | Reached XP level 4. HP: 33/33 MP: 2/7
  2290 | D:2      | Learned a level 3 spell: Spectral Weapon
  2453 | D:3      | Noticed Grinder
  2469 | D:3      | HP: 1/33 [Grinder/nerve-wracking pain (11)]
  2471 | D:3      | Slain by Grinder

Vault maps used:
D:1:      sevenhm_arrival_forest_fort_small_3
D:2:      serial_park_tiny_2
D:3:      nicolae_ashenzari_panopticon, lemuel_doored_altar,
          kennysheep_generic_room_8, uniq_grinder

Skill      XL: |  1  2 |
---------------+-------+-----
Dodging        | 3 |  3.5
Polearms       | 4 |  4.7
Fighting       | |  2.1
Armour         | |  0.6
Spellcasting   | |  2.5
Charms         | |  3.8

Action                   |  1- 3 |  4- 6 || total
-------------------------+-------+-------++-------
Melee: Spear             |   163 |    46 ||   209
 Cast: Infusion          |    11 |     7 ||    18
       Shroud of Golubri |       |     1 ||     1
  Use: Potion            |       |     3 ||     3
 Stab: Sleeping          |     2 |       ||     2
  Eat: Chunk             |     2 |     3 ||     5
Armor: Leather armour    |    34 |    10 ||    44
Dodge: Dodged            |   105 |    18 ||   123

Table legend:
 A = Spawn XP
 B = Non-spawn XP
 C = Spawn XP percentage of total XP
 D = Spawn monster count
 E = Non-spawn monster count
 F = Spawn count percentage of total count
 G = Total turns spent on level
                    A         B        C        D         E        F      G
               +---------+---------+-------+---------+---------+-------+---------
         Total |       0 |     108 |   0.0 |       0 |      48 |   0.0 |  2471
               +---------+---------+-------+---------+---------+-------+---------
           D:1 |       0 |      70 |   0.0 |       0 |      35 |   0.0 |  1744
           D:2 |       0 |      28 |   0.0 |       0 |       8 |   0.0 |   547
           D:3 |       0 |      10 |   0.0 |       0 |       5 |   0.0 |   180
               +---------+---------+-------+---------+---------+-------+---------
